 Dungeon Crawl Stone Soup version 0.18.1-6-gd335043 (webtiles) character file.

1250 HungrySpirit the Slicer (level 8, -3/44 HPs)
             Began as a Vine Stalker Chaos Knight on May 16, 2016.
             Killed by divine providence
             ... invoked by an orc priest
              (11 damage)
             ... on level 7 of the Dungeon.
             The game lasted 00:09:17 (5369 turns).

HungrySpirit the Slicer (Vine Stalker Chaos Knight) Turns: 5369, Time: 00:09:18

Health: -3/44      AC:  4    Str: 14 (15) XL:     8   Next: 50%
Magic:  0/9        EV: 13    Int: 12      God:    Xom [*.....]
Gold:   154        SH:  0    Dex: 16      Spells: 0 memorised, 7 levels left

rFire  + . .     SeeInvis .     a - +1 short sword (chaos)
rCold  . . .     Gourm    .     O - +1 robe of Miracles {rF+ Slay+6}
rNeg   . . .     Faith    .     (no shield)
rPois  .         Spirit   +     (no helmet)
rElec  .         Dismiss  .     C - +0 cloak
rCorr  .         Reflect  .     (no gloves)
SustAt .         Harm     .     w - +0 pair of boots
MR     +....                    (no amulet)
Stlth  +.........               (no ring)
                                (no ring)

@: somewhat resistant to hostile enchantments, very unstealthy
A: fangs 3, repulsion field 1, blurry vision 1, deformed body, regeneration 2,
magic shield, antimagic bite, no device heal 3, rot immunity
a: Renounce Religion


You were on level 7 of the Dungeon.
You worshipped Xom.
You were a special plaything of Xom.
You were not hungry.

You visited 1 branch of the dungeon, and saw 7 of its levels.

You collected 302 gold pieces.
You spent 148 gold pieces at shops.

Inventory:

Hand Weapons
 a - a +1 short sword of chaos (weapon)
 f - the +5 whip of Pride {holy, -Tele rPois rC++ Dex+8, unknown}
   (You found it on level 7 of the Dungeon)

   It has been blessed by the Shining One to cause great damage to the undead
   and demons.
   It affects your dexterity (+8).
   It greatly protects you from cold.
   It protects you from poison.
   It prevents most forms of teleportation.
Armour
 w - a +0 pair of boots (worn)
 C - a +0 cloak (worn)
 O - the +1 robe of Miracles (worn) {rF+ Slay+6}
   (You bought it in a shop on level 6 of the Dungeon)

   It affects your accuracy and damage with ranged weapons and melee attacks
   (+6).
   It protects you from fire.
Jewellery
 K - an uncursed ring of ice
Wands
 b - a wand of acid (5/15)
 t - a wand of iceblast (8/15)
 z - a wand of lightning (1/15)
 A - a wand of lightning (6/15)
 H - a wand of slowing (24/48)
Scrolls
 e - 3 scrolls of teleportation
 j - a scroll of amnesia {unknown}
 n - a scroll of fear {unknown}
 o - 2 scrolls of immolation
 p - a scroll of recharging {unknown}
 q - a scroll of noise
 y - a scroll of enchant weapon
 F - a scroll of identify
Potions
 d - a potion of haste {unknown}
 h - a potion of might
 i - 2 potions of degeneration {unknown}
 l - 2 potions of invisibility {unknown}
 m - a potion of magic {unknown}
 r - a potion of flight {unknown}
 u - a potion of cancellation {unknown}
 x - 2 potions of curing {unknown}
 B - a potion of mutation {unknown}
 D - 2 potions of heal wounds {unknown}
 G - a potion of resistance {unknown}
 I - a potion of agility {unknown}
 L - a potion of lignification {unknown}
 M - a potion of brilliance {unknown}
Books
 N - a book of Transfigurations

   Spells                             Type                      Level
   a - Irradiate                      Conjuration/Transmutation    5
   b - Statue Form                    Transmutation/Earth          6
   c - Hydra Form                     Transmutation                6
   d - Dragon Form                    Transmutation                7
Comestibles
 c - 3 bread rations
 g - 3 chunks of flesh
 k - a royal jelly
 s - 2 meat rations
 v - 2 slices of pizza
 E - 3 fruits


   Skills:
 + Level 5.8 Fighting
 * Level 8.0 Short Blades
 - Level 1.5 Armour
 + Level 0.7 Dodging


You had 7 spell levels left.
You didn't know any spells.

Dungeon Overview and Level Annotations

Branches:
Dungeon (7/15)             Temple (0/1) D:7

Altars:
Ashenzari
Cheibriados
Gozag
Nemelex Xobeh
Pakellas
Qazlal
Sif Muna
The Shining One

Shops:
D:4 }   D:6 [


Innate Abilities, Weirdness & Mutations

You have razor-sharp teeth.
You heal very quickly.
When hurt, damage is shared between your health and your magic reserves.
Your bite disrupts and absorbs the magic of your enemies.
Potions and wands cannot restore your health.
You are immune to rotting.
You are surrounded by a mild repulsion field (EV +2).
Scrolls take you a little longer to read.
Armour fits poorly on your strangely shaped body.


Message History

The orc barely misses your butterfly.
The orc wizard casts a spell.
The orc wizard blinks!
Found a stone staircase leading down.
Read which item? (? for menu, Esc to quit)
Okay, then.
The orc wizard mumbles some strange words.
The orc wizard flickers and vanishes!
Deactivating autopickup; reactivate with Ctrl-A. "See what I see, my child!"
You feel aware of your surroundings.
The orc wizard gestures at you while chanting.
The magic dart hits you!
* * * LOW HITPOINT WARNING * * *
The orc hits your butterfly with a flail.
Your butterfly dies!
The orc priest calls down the wrath of Beogh upon you.
Beogh smites you!
You die...
Xom laughs nastily!

........# *#......# *
*,.......o####......#*,
*,........o.........+, *
*,.........{........# **
,...........b......#
**######.....o......#
#.####.......# ###* #.*
#....#### ≈.. #.*
#..o@+,* ≈≈.*
#.####....#,# ≈≈≈##
#.........#.# ≈§≈.#
#####.....#.# ≈≈≈.#
#.<.........# ≈≈..#
#.###.#.....#####
≈...####.#.............#
###......##.#..........#
####'######.#..........##


You could see 2 orc priests, an orc wizard and an orc.

Vanquished Creatures
  Grinder (D:4)
  Sigmund (D:2)
  An ice beast (D:5)
  A sky beast (D:5)
  A centaur (D:5)
  A giant frog (D:6)
  2 howler monkeys (D:5)
  2 crimson imps (D:5)
  Crazy Yiuf (D:3)
  An orc priest (D:4)
  A hound (D:6)
  An orc wizard (D:4)
  A giant frog skeleton (D:5)
  Jessica (D:2)
  Natasha (twice) (D:3)
  3 worker ants
  A howler monkey skeleton (D:4)
  6 adders
  2 shadow imps
  A worm (D:5)
  2 dart slugs
  2 giant geckos
  9 orcs
  6 giant cockroaches
  2 goblins
  7 hobgoblins
  5 jackals
  10 kobolds
  4 quokkas
  2 ball pythons
  4 bats
  6 giant newts
  A quokka skeleton (D:7)
  2 rats (D:2)
93 creatures vanquished.

Vanquished Creatures (others)
  An orc (D:5)
1 creature vanquished.

Grand Total: 94 creatures vanquished

Notes
Turn   | Place    | Note
--------------------------------------------------------------
     0 | D:1      | HungrySpirit the Vine Stalker Chaos Knight began the quest for the Orb.
     0 | D:1      | Reached XP level 1. HP: 11/11 MP: 2/2
     2 | D:1      | Noticed a naga
     4 | D:1      | Noticed a centaur
     4 | D:1      | Noticed an octopode
     6 | D:1      | Noticed an ogre
     8 | D:1      | Noticed a vine stalker
     8 | D:1      | Noticed a ghoul
    10 | D:1      | Noticed a felid
    10 | D:1      | Noticed an elf
    12 | D:1      | Noticed a vampire
    12 | D:1      | Noticed a spriggan
    14 | D:1      | Noticed a demigod
    16 | D:1      | Noticed a gargoyle
    16 | D:1      | Noticed a halfling
    18 | D:1      | Noticed a minotaur
    18 | D:1      | Noticed a merfolk
    20 | D:1      | Noticed a human
    20 | D:1      | Noticed a demonspawn
    22 | D:1      | Noticed a tengu
    24 | D:1      | Noticed a dwarf
    24 | D:1      | Noticed a formicid
    26 | D:1      | Noticed a draconian
    26 | D:1      | Noticed a troll
   281 | D:1      | Reached skill level 3 in Short Blades
   281 | D:1      | Reached XP level 2. HP: 6/16 MP: 1/3
   441 | D:1      | XOM: mild Summ miscast
   442 | D:1      | Noticed a spatial vortex
   656 | D:1      | XOM: mild Summ miscast
   699 | D:1      | XOM is BORED!
   699 | D:1      | XOM: medium Divn miscast
   912 | D:2      | XOM: confuse monster(s)
   939 | D:2      | Noticed Sigmund
   939 | D:2      | XOM: potion effect (berserk rage)
   940 | D:2      | XOM: potion effect (agility)
   946 | D:2      | Killed Sigmund
   946 | D:2      | Reached skill level 4 in Short Blades
   946 | D:2      | Reached XP level 3. HP: 21/21 MP: 2/4
   946 | D:2      | Reached XP level 4. HP: 25/25 MP: 2/5
   946 | D:2      | Reached XP level 5. HP: 29/29 MP: 2/6
  1175 | D:2      | Noticed Jessica
  1181 | D:2      | Killed Jessica
  1290 | D:2      | Reached skill level 5 in Short Blades
  1298 | D:2      | Gained mutation: You heal very quickly. [Vine Stalker growth]
  1298 | D:2      | Reached XP level 6. HP: 33/33 MP: 7/7
  1385 | D:2      | XOM: divination: detect items
  1401 | D:2      | XOM: divination: detect items
  1444 | D:2      | Found a snail-covered altar of Cheibriados.
  1494 | D:2      | XOM: divination: magic mapping
  1514 | D:2      | XOM: divination: detect creatures
  1764 | D:3      | XOM: mild Conj miscast
  1796 | D:3      | XOM: god gift: slice of pizza
  2214 | D:3      | Noticed Natasha
  2220 | D:3      | Killed Natasha
  2268 | D:3      | Found an opulent altar of Gozag.
  2352 | D:3      | Noticed Crazy Yiuf
  2360 | D:3      | Killed Crazy Yiuf
  2523 | D:3      | Noticed Natasha
  2531 | D:3      | Killed Natasha
  2756 | D:4      | XOM: mild Ice miscast
  2763 | D:4      | XOM: potion effect (berserk rage)
  2887 | D:4      | Found an oddly glowing altar of Pakellas.
  2887 | D:4      | Found Pakellas's Prime Provisions.
  3043 | D:4      | Noticed Grinder
  3054 | D:4      | Killed Grinder
  3054 | D:4      | Reached skill level 6 in Short Blades
  3054 | D:4      | Reached XP level 7. HP: 26/38 MP: 4/8
  3334 | D:4      | Found a deep blue altar of Sif Muna.
  3489 | D:5      | Entered Level 5 of the Dungeon
  3489 | D:5      | Found a sparkling altar of Nemelex Xobeh.
  3507 | D:5      | Reached skill level 5 in Fighting
  3574 | D:5      | XOM: cast spell 'Summon Butterflies'
  3659 | D:5      | Reached skill level 7 in Short Blades
  3916 | D:5      | Found a shattered altar of Ashenzari.
  3944 | D:5      | XOM: confusion
  3973 | D:5      | XOM: smoke on damage
  3977 | D:5      | Gained mutation: You have razor-sharp teeth. [Vine Stalker growth]
  3977 | D:5      | Reached XP level 8. HP: 24/43 MP: 5/9
  4032 | D:5      | XOM: 3-stop teleportation journey
  4098 | D:5      | Found a stormy altar of Qazlal.
  4171 | D:5      | XOM: enchant monster (bad)
  4353 | D:6      | Found a glowing golden altar of the Shining One.
  4359 | D:6      | XOM: mild Chrm miscast
  4386 | D:6      | XOM: butterfly on damage
  4538 | D:6      | XOM: summons 5 hostile shadow creatures
  4540 | D:6      | XOM: smoke on damage
  4637 | D:6      | XOM: 6-stop teleportation journey
  4710 | D:6      | XOM: stat loss: -1 Str (14/15)
  4869 | D:6      | XOM: give mutations
  4869 | D:6      | Gained mutation: You are surrounded by a mild repulsion field (EV +2). [Xom's mischief]
  4869 | D:6      | Gained mutation: Scrolls take you a little longer to read. [Xom's mischief]
  4888 | D:6      | XOM: colour smoke trail
  4919 | D:6      | Found Numil's Antique Armour Boutique.
  4922 | D:6      | Bought a faintly glowing robe for 148 gold pieces
  4924 | D:6      | Identified the +1 robe of Miracles {rF+ Slay+6} (You bought it in a shop on level 6 of the Dungeon)
  4951 | D:6      | Reached skill level 8 in Short Blades
  5076 | D:7      | Found a staircase to the Ecumenical Temple.
  5131 | D:7      | Got an ancient whip
  5173 | D:7      | XOM: medium Tloc miscast
  5246 | D:7      | XOM: give mutation
  5246 | D:7      | Gained mutation: Armour fits poorly on your strangely shaped body. [Xom's mischief]
  5360 | D:7      | XOM: butterfly on damage
  5361 | D:7      | XOM: medium Tloc miscast
  5367 | D:7      | XOM: divination: magic mapping
  5369 | D:7      | Killed from afar by an orc priest

Skill      XL: |  1  2  3  4  5  6  7  8 |
---------------+-------------------------+-----
Short Blades   | 3 4 5 6 7 8 |  8.0
Fighting       | 3 4 5 |  5.8
Armour         | |  1.5
Dodging        | |  0.7

Action                   |  1- 3 |  4- 6 |  7- 9 || total
-------------------------+-------+-------+-------++-------
Melee: Short sword       |    49 |   124 |   176 ||   349
       Bite              |    15 |    33 |    67 ||   115
Evoke: Wand              |       |     5 |     2 ||     7
  Use: Scroll            |       |     2 |     8 ||    10
 Stab: Sleeping          |     1 |     1 |     2 ||     4
       Paralysed         |     1 |       |     1 ||     2
       Distracted        |       |     1 |     1 ||     2
       Petrifying        |       |       |     1 ||     1
  Eat: Chunk             |       |     8 |     7 ||    15
Armor: Leather armour    |    13 |    30 |    61 ||   104
       Robe              |       |       |     2 ||     2
Dodge: Dodged            |    26 |    54 |    46 ||   126
